 Dungeon Crawl Stone Soup version 0.31-a0-810-ga77100ea1a (webtiles) character file.

Game seed: 2020869077080102267

354 IdlyInterested the Chopper (level 6, 0/48 HPs)
             Began as a Demonspawn Gladiator on Sept 21, 2023.
             Slain by a lemure (6 damage)
             ... led by Pikel
             ... on level 4 of the Dungeon.
             The game lasted 00:08:50 (2561 turns).

IdlyInterested the Chopper (Demonspawn Gladiator)   Turns: 2561, Time: 00:08:52

Health: 0/48       AC: 11    Str: 17    XL:     6   Next: 35%
Magic:  6/6        EV:  8    Int:  9    God:
Gold:   170        SH:  0    Dex: 14    Spells: 5/5 levels left

rFire   . . .        a - +0 war axe
rCold   . . .        (no shield)
rNeg    . . .        g - +0 chain mail
rPois   .            c - +0 helmet
rElec   .            (no cloak)
rCorr   .            (no gloves)
SInv    .            (no boots)
Will    +....        (no amulet) Stlth
                     (no ring)
HPRegen 0.28/turn    (no ring)
MPRegen 0.10/turn

%: no passive effects
@: enlightened, flying
A: sharp scales 2
a: no special abilities


You were on level 4 of the Dungeon.
You visited 1 branch of the dungeon, and saw 4 of its levels.

You collected 170 gold pieces.

Inventory:

Hand Weapons
 a - a +0 war axe (weapon)
Missiles
 d - 3 throwing nets
 e - a javelin
 h - 24 stones (quivered)
 o - 2 boomerangs
Armour
 c - a +0 helmet (worn)
 g - a +0 chain mail (worn)
Wands
 r - a wand of charming (14)
Scrolls
 b - a scroll of fog {unknown}
 i - 2 scrolls of brand weapon {unknown}
 j - a scroll of immolation {unknown}
 k - a scroll of blinking
 l - 3 scrolls of teleportation {unknown}
 m - a scroll of noise {unknown}
 t - a scroll of identify
Potions
 f - 2 potions of curing
 p - a potion of enlightenment
 q - 2 potions of brilliance {unknown}
 s - 2 potions of attraction {unknown}


   Skills:
 + Level 3.8 Fighting
 - Level 4.0 Axes
 - Level 3.0 Throwing
 * Level 2.0 Armour
 - Level 3.0 Dodging
 - Level 2.0 Stealth


You had 5 spell levels left.
You didn't know any spells.
Your spell library contained the following spells:

 Spells                   Type           Power      Damage    Failure   Level
 Kiss of Death            Conj/Necr      0%         2d5       99%         1
 Confusing Touch          Hex            0%         N/A       100%        3
 Inner Flame              Hex/Fire       0%         N/A       100%        3
 Dispel Undead            Necr           0%         3d6       100%        4
 Alistair's Intoxication  Tmut/Pois      0%         N/A       100%        5
 Borgnjor's Vile Clutch   Necr/Erth      0%         N/A       100%        5
 Yara's Violent Unravell  Hex/Tmut       0%         3d3       100%        5
 Eringya's Noxious Bog    Tmut/Pois      0%         4d6       100%        6
 Enfeeble                 Hex            0%         N/A       100%        7


Dungeon Overview and Level Annotations

Branches:
Dungeon (4/15)
 Temple: D:4-7

Altars:

Annotations:
D:4 Pikel


Innate Abilities, Weirdness & Mutations

You are mostly covered in razor-sharp scales. (AC +2, Slay +2)


Message History

The gnoll bouda is healed somewhat.
The gnoll hits you but does no damage. The gnoll barely misses you.
You slash the gnoll bouda!
You kill the gnoll bouda!
The gnoll barely misses you.
The gnoll hits you from afar with a +0 spear.
The lemure hits you.
Training target 3.0 for Throwing reached!
Your Throwing skill increases to level 3!
Unknown command.
The gnoll barely misses you.
You slash the gnoll!
The gnoll is severely wounded.
You closely miss the lemure. The gnoll closely misses you.
The lemure hits you but does no damage. The gnoll barely misses you.
You slash the gnoll!
You kill the gnoll!
You closely miss the lemure.
Unknown command.
The gnoll hits you but does no damage. The lemure hits you.
The gnoll closely misses you.
You hit the lemure.
The lemure is lightly wounded.
You miss the lemure. The lemure hits you but does no damage.
The gnoll hits you from afar with a +0 halberd.
The lemure completely misses you.
The gnoll hits you from afar with a +0 spear.
* * * LOW HITPOINT WARNING * * *
The lemure hits you.
* * * LOW HITPOINT WARNING * * *
The lemure barely misses you. The gnoll hits you but does no damage.
The lemure hits you but does no damage. The gnoll attacks as it pursues you!
The gnoll closely misses you.
You hit the lemure.
The lemure is moderately wounded.
You hit the lemure.
The gnoll hits you from afar with a +0 halberd.
* * * LOW HITPOINT WARNING * * *
The lemure hits you but does no damage. The lemure hits you.
You die...

#########
#5@):...#
#5##.##.###
#g##.##....
#g..gg......
#!.#....5..K
#...[...#...
#..........5
......##....
........#
....#


You could see 2 lemures and 2 gnolls.

Vanquished Creatures
  Sigmund (D:2)
  A gnoll bouda (D:4)
  2 gnolls (D:4)
  3 adders
  7 worms
  4 dart slugs
  2 orcs (D:3)
  8 endoplasms
  8 giant cockroaches
  10 goblins
  13 hobgoblins
  3 jackals (D:3)
  4 quokkas
  6 ball pythons
  5 bats
  3 frilled lizards
  2 kobolds
  4 rats
86 creatures vanquished.

Notes
Turn   | Place    | Note
-------+----------+-------------------------------------------
     0 | D:1      | IdlyInterested the Demonspawn Gladiator began the quest for
                  | the Orb.
     0 | D:1      | Reached XP level 1. HP: 16/16 MP: 1/1
   110 | D:1      | Reached skill level 1 in Armour
   177 | D:1      | Gained mutation: You are partially covered in razor-sharp
                  | scales. (AC +1, Slay +1) [demonic ancestry]
   177 | D:1      | Reached XP level 2. HP: 22/22 MP: 2/2
   266 | D:1      | Reached skill level 1 in Stealth
   269 | D:1      | Reached skill level 3 in Axes
   389 | D:1      | Gained mutation: You are mostly covered in razor-sharp
                  | scales. (AC +2, Slay +2) [demonic ancestry]
   389 | D:1      | Reached XP level 3. HP: 26/27 MP: 3/3
   780 | D:2      | Noticed Sigmund
   793 | D:2      | Killed Sigmund
   794 | D:2      | Reached skill level 4 in Axes
   794 | D:2      | Reached XP level 4. HP: 20/35 MP: 4/4
   794 | D:2      | Reached XP level 5. HP: 24/41 MP: 5/5
  1826 | D:3      | Reached XP level 6. HP: 47/47 MP: 6/6
  2526 | D:4      | Noticed Pikel
  2561 | D:4      | Slain by a lemure

Illustrated notes

Levels and vault maps discovered:
D:1:      heliophobic_arrival_henge, layout_loops_ring
D:2:      layout_loops_ring, uniq_sigmund
D:3:      layout_loops_ring
D:4:      layout_rooms, serial_shops, nicolae_shop_waterfront, minmay_shop_mass,
          hangedman_abyss_or_decor_lesser_grid, nicolae_wooded_promenade,
          uniq_pikel

Skill      XL: |  1  2  3  4  5  6 |
---------------+-------------------+-----
Armour         | 1 2 |  2.0
Stealth        | 1 2 |  2.0
Axes           | 3 4 |  4.0
Throwing       | 2 3 |  3.0
Fighting       | 3 |  3.8
Dodging        | 3 |  3.0

Action                     |  1- 3 |  4- 6 || total
---------------------------+-------+-------++-------
  Melee: War axe           |    80 |   140 ||   220
         Punch             |     1 |       ||     1
    Use: Scroll            |       |     2 ||     2
         Potion            |       |     4 ||     4
   Stab: Sleeping          |     1 |     1 ||     2
 Armour: Leather armour    |    41 |    15 ||    56
         Chain mail        |       |   134 ||   134
  Dodge: Dodged            |    56 |    91 ||   147

Table legend: (Time is in decaauts)
 A = Elapsed time spent in this place.
 B = Non-inter-level travel time spent in this place.
 C = Inter-level travel time spent in this place.
 D = Time resting spent in this place.
 E = Time spent auto-exploring this place.
 F = Levels seen in this place.
 G = Mean time per level.
                   A        B        C        D        E       F      G
               +--------+--------+--------+--------+--------+-----+--------+
         Total |   2633 |   2201 |    432 |    226 |   1117 |   4 |  658.2 |
       Dungeon |   2633 |   2201 |    432 |    226 |   1117 |   4 |  658.2 |
               +--------+--------+--------+--------+--------+-----+--------+

Top non-repeatable levels by time:
     D:1: 875 daAuts
     D:2: 873 daAuts
     D:3: 806 daAuts
     D:4: 77 daAuts
